 Dungeon Crawl Stone Soup version 0.31-a0-818-ge7c7cf74f0 (webtiles) character file.

Game seed: 15023584613902011093

298 Kurtz the Chopper (level 6, -1/42 HPs)
             Began as an Octopode Fighter on Sept 23, 2023.
             Slain by a phantom (7 damage)
             ... on level 4 of the Dungeon.
             The game lasted 00:01:53 (2905 turns).

Kurtz the Chopper (Octopode Fighter)                Turns: 2905, Time: 00:01:54

Health: -1/42      AC:  1    Str: 16    XL:     6   Next: 35%
Magic:  6/6        EV: 13    Int: 10    God:
Gold:   140        SH:  4    Dex: 13    Spells: 5/5 levels left

rFire   . . .        a - +0 war axe
rCold   . . .        b - +0 buckler
rNeg    . . .        (helmet restricted)
rPois   .            (no amulet)
rElec   .            e - ring of willpower
rCorr   +            h - ring of resist corrosion
SInv    .            (no ring)
Will    +....        (no ring)
Stlth   ++           (no ring)
HPRegen 0.27/turn    (no ring)
MPRegen 0.10/turn    (no ring)
                     (no ring)

%: no passive effects
@: mighty
A: almost no armour, amphibious, 8 rings, camouflage 1, gelatinous body 1,
(nimble swimmer 1), tentacles
a: no special abilities


You were on level 4 of the Dungeon.
You visited 1 branch of the dungeon, and saw 4 of its levels.

You collected 140 gold pieces.

Inventory:

Hand Weapons
 a - a +0 war axe (weapon)
Missiles
 l - 8 poisoned darts (quivered)
Armour
 b - a +0 buckler (worn)
Jewellery
 e - a ring of willpower (left tentacle)
 h - a ring of resist corrosion (right tentacle)
 o - a ring of magical power
Scrolls
 d - 3 scrolls of enchant armour {unknown}
 f - a scroll of poison {unknown}
 i - a scroll of immolation {unknown}
 k - 3 scrolls of identify {unknown}
 n - a scroll of fog {unknown}
Potions
 g - a potion of heal wounds {unknown}
 j - a potion of curing {unknown}
 m - a potion of lignification {unknown}


   Skills:
 - Level 3.0 Fighting
 * Level 6.5 Axes
 - Level 3.0 Dodging
 - Level 3.0 Shields


You had 5 spell levels left.
You didn't know any spells.
Your spell library contained the following spells:

 Spells                   Type           Power      Damage    Failure   Level
 Magic Dart               Conj           0%         1d3       43%         1
 Searing Ray              Conj           0%         2d4       58%         2
 Fulminant Prism          Conj/Hex       0%         3d5       99%         4


Dungeon Overview and Level Annotations

Branches:
Dungeon (4/15)
 Temple: D:4-7

Altars:
Hepliaklqana


Innate Abilities, Weirdness & Mutations

You cannot wear most types of armour.
You are amphibious.
You can wear up to eight rings at the same time.
Your skin changes colour to match your surroundings (Stealth+).
Your rubbery body absorbs attacks. (AC +1, EV +1)
((You are camouflaged when in or above water. (Stealth+)))
You have tentacles for arms and can constrict up to eight enemies at once.


Message History

The orc moves out of view.
You are too injured to fight recklessly!
You are too injured to fight recklessly!
Unknown command.
You miss the phantom.
The phantom is lightly damaged.
The phantom barely misses you.
Unknown command.
The phantom completely misses you. The phantom attacks as it pursues you!
The phantom barely misses you.
You closely miss the phantom.
The phantom is lightly damaged.
The phantom hits you.
You feel very mighty all of a sudden. The phantom hits you.
* * * LOW HITPOINT WARNING * * *
You slash the phantom!
The phantom is heavily damaged.
The phantom barely misses you.
You closely miss the phantom. Your squeeze misses the phantom.
The phantom is heavily damaged.
The phantom misses you. The phantom hits you.
* * * LOW HITPOINT WARNING * * *
The phantom blinks!
You blink.
Unknown command.
You miss the phantom.
The phantom is heavily damaged.
The phantom hits you.
* * * LOW HITPOINT WARNING * * *
The phantom blinks!
You blink.
Unknown command.
You closely miss the phantom.
The phantom is heavily damaged.
The phantom hits you.
* * * LOW HITPOINT WARNING * * *
Unknown command.
You closely miss the phantom. You squeeze the phantom.
The phantom is severely damaged.
The phantom hits you!
You die...

#...........# .
###......##.#
#......[....##
#............#
#.#####..#.........#
#.......###........#
.........#.§..####.#
###§#W#...#
#§.@....# #########


You could see a phantom.

Vanquished Creatures
  Sigmund (D:2)
  Natasha (D:2)
  5 adders
  A gnoll (D:1)
  2 worms (D:2)
  A dart slug (D:4)
  4 bats (D:1)
  3 endoplasms
  4 giant cockroaches
  6 goblins
  4 hobgoblins (D:1)
  6 quokkas
  6 ball pythons
  A frilled lizard (D:1)
  5 kobolds
  6 rats
56 creatures vanquished.

Notes
Turn   | Place    | Note
-------+----------+-------------------------------------------
     0 | D:1      | Kurtz the Octopode Fighter began the quest for the Orb.
     0 | D:1      | Reached XP level 1. HP: 16/16 MP: 1/1
   144 | D:1      | Reached XP level 2. HP: 21/21 MP: 2/2
   230 | D:1      | Reached skill level 3 in Axes
   274 | D:1      | Reached XP level 3. HP: 26/26 MP: 3/3
   761 | D:2      | Reached skill level 4 in Axes
   904 | D:2      | Noticed Sigmund
   912 | D:2      | Killed Sigmund
   913 | D:2      | Reached skill level 5 in Axes
   913 | D:2      | Reached XP level 4. HP: 10/31 MP: 4/4
   913 | D:2      | Reached XP level 5. HP: 11/36 MP: 5/5
  1035 | D:2      | Reached skill level 6 in Axes
  1126 | D:2      | Reached XP level 6. HP: 36/42 MP: 6/6
  1309 | D:2      | You fall into a shaft and drop 1 floor!
  2025 | D:2      | Noticed Natasha
  2027 | D:2      | Killed Natasha
  2701 | D:4      | Found a hazy altar of Hepliaklqana.
  2905 | D:4      | Slain by a phantom

Illustrated notes

Levels and vault maps discovered:
D:1:      dpeg_arrival_renting, layout_basic, minmay_misc_feat_hallway
D:2:      layout_loops_cross, kennysheep_flooded_box, uniq_natasha, uniq_sigmund
D:3:      layout_basic
D:4:      layout_loops_ring, marbit_many_paths, old_standard_altar

Skill      XL: |  1  2  3  4  5 |
---------------+----------------+-----
Axes           | 3 5 6 |  6.5
Fighting       | |  3.0
Dodging        | |  3.0
Shields        | |  3.0

Action                     |  1- 3 |  4- 6 || total
---------------------------+-------+-------++-------
  Melee: War axe           |    52 |    60 ||   112
         Tentacles         |    10 |     6 ||    16
         Constrict         |    13 |    10 ||    23
         Punch             |       |     1 ||     1
    Use: Potion            |     1 |     1 ||     2
   Stab: Sleeping          |     6 |    13 ||    19
 Armour: Skin              |    16 |    27 ||    43
  Dodge: Dodged            |    33 |    23 ||    56
  Block: Buckler           |     6 |     4 ||    10

Table legend: (Time is in decaauts)
 A = Elapsed time spent in this place.
 B = Non-inter-level travel time spent in this place.
 C = Inter-level travel time spent in this place.
 D = Time resting spent in this place.
 E = Time spent auto-exploring this place.
 F = Levels seen in this place.
 G = Mean time per level.
                   A        B        C        D        E       F      G
               +--------+--------+--------+--------+--------+-----+--------+
         Total |   2935 |   2522 |    413 |    201 |   1922 |   4 |  733.8 |
       Dungeon |   2935 |   2522 |    413 |    201 |   1922 |   4 |  733.8 |
               +--------+--------+--------+--------+--------+-----+--------+

Top non-repeatable levels by time:
     D:2: 1199 daAuts
     D:1: 764 daAuts
     D:3: 749 daAuts
     D:4: 222 daAuts
